 Dungeon Crawl Stone Soup version 0.26-a0-597-gb535b0901c (webtiles) character file.

Game seed: 2008122460197034960

(classic levelgen) 2537 EnegeticOcto the Cleaver (level 9, -1/82 HPs)
             Began as a Deep Dwarf Fighter on Aug 26, 2020.
             Slain by a seven-headed hydra (10 damage)
             ... on level 7 of the Dungeon.
             The game lasted 00:02:12 (2760 turns).

EnegeticOcto the Cleaver (Deep Dwarf Fighter)       Turns: 2760, Time: 00:02:12

Health: -1/82      AC:  9    Str: 23    XL:     9   Next: 30%
Magic:  5/5        EV:  8    Int:  9    God:
Gold:   291        SH: 10    Dex: 12    Spells: 8/8 levels left

rFire    . . .     SeeInvis .   a - +1 war axe
rCold    . . .     Faith    .   c - +0 kite shield
rNeg     . . .     Spirit   .   b - +0 scale mail
rPois    .         Reflect  .   (no helmet)
rElec    .         Harm     .   (no cloak)
rCorr    .                      x - +0 pair of gloves
MR       +....                  (no boots)
Stlth    ..........             (no amulet)
HPRegen  0.00/turn              (no ring)
MPRegen  0.09/turn              (no ring)

@: non-regenerating, drained
A: damage resistance, heal wounds, sense surroundings 2, no regeneration
a: Heal Wounds


You were on level 7 of the Dungeon.
You visited 2 branches of the dungeon, and saw 8 of its levels.
You also visited: Ossuary.

You collected 291 gold pieces.

Inventory:

Hand Weapons
 a - a +1 war axe (weapon)
Armour
 b - a +0 scale mail (worn)
 c - a +0 kite shield (worn)
 x - a +0 pair of gloves (worn)
Jewellery
 g - an uncursed amulet of magic regeneration
 k - an uncursed ring of positive energy {unknown}
Scrolls
 f - 13 scrolls of identify {unknown}
 l - a scroll of blinking {unknown}
 p - a scroll of enchant weapon
 s - a scroll of brand weapon {unknown}
 u - 2 scrolls of noise {unknown}
 v - 2 scrolls of amnesia {unknown}
 w - a scroll of immolation {unknown}
 y - a scroll of magic mapping {unknown}
 z - a scroll of remove curse {unknown}
 A - a scroll of teleportation {unknown}
 B - a scroll of fog {unknown}
Potions
 d - 3 potions of might {@q3}
 e - 2 potions of brilliance {unknown}
 h - 2 potions of cancellation {unknown}
 i - 3 potions of flight {unknown}
 j - 2 potions of degeneration {unknown}
 m - 2 potions of heal wounds {unknown}
 n - 3 potions of curing {unknown}
 o - a potion of berserk rage {unknown}
 q - a potion of magic {unknown}
 r - 2 potions of resistance {unknown}
 t - 2 potions of lignification {unknown}


   Skills:
 + Level 5.8(5.1) Fighting
 * Level 9.1(8.4) Axes
 + Level 7.0(6.3) Armour
 + Level 7.0(6.3) Shields


You had 8 spell levels left.
You didn't know any spells.
Your spell library was empty.

Dungeon Overview and Level Annotations

Branches:
Dungeon (7/15)             Temple (1/1) D:5         Ossuary (visited)

Altars:
Cheibriados
Dithmenos
Elyvilon
Fedhas
Gozag
Hepliaklqana
Kikubaaqudgha
Nemelex Xobeh
Okawaru
Ru
Sif Muna
Trog
Vehumet
Wu Jian
Xom
Yredelemnul
Zin

Shops:
D:5 }


Innate Abilities, Weirdness & Mutations

You are resistant to damage.
You can heal yourself by infusing magical energy.
You passively map the area around you.
You do not regenerate.


Message History

Things that are here:
a +0 club; a +0 leather armour
d - 3 potions of might {@q3} (gained 1)
Items here: )))) [ ††††††.
You see here a gnoll corpse.
Things that are here:
a +0 dagger; a cursed +0 robe
Things that are here:
a +0 leather armour; an orc corpse
Things that are here:
a +0 dagger; a cursed +0 robe
r - 2 golden potions (gained 1)
Things that are here:
a +0 halberd; a gnoll corpse A worker ant comes into view.
Found a stone staircase leading down.
A worker ant is nearby!
A worker ant is nearby!
A worker ant is nearby!
A worker ant is nearby!
A worker ant is nearby!
A worker ant is nearby!
A centaur comes into view.
The worker ant twitches its antennae in your direction.
The centaur wields a +0 shortbow.
The centaur shoots an arrow.
The arrow hits you.
You see here an arrow.
The centaur shoots an arrow.
The arrow hits you but does no damage. The worker ant barely misses you.
The centaur shoots an arrow.
The arrow hits you!
You see here 2 arrows.
You are too injured to fight recklessly!
You are too injured to fight recklessly!
You feel much better. The worker ant barely misses you.
The centaur shoots an arrow.
You block the arrow.
You barely miss the worker ant.
The centaur shoots an arrow.
You block the arrow. You block the worker ant's attack.
The worker ant bites you.
The centaur shoots an arrow.
The arrow barely misses you.
You hit the worker ant.
The worker ant is moderately wounded.
The centaur shoots an arrow.
You block the arrow. You block the worker ant's attack.
You hit the worker ant.
The worker ant is heavily wounded.
You block the worker ant's attack.
You slash the worker ant!
You kill the worker ant!
Your base Armour skill increases to level 7!
The centaur shoots an arrow.
The arrow hits you.
The centaur shoots an arrow.
You block the arrow.
You see here an arrow.
The centaur unwields a +0 shortbow.
The centaur hits you. You block the centaur's attack.
You hit the centaur but do no damage. The centaur hits you.
You hit the centaur.
The centaur is lightly wounded.
You block the centaur's attack. The centaur hits you.
You barely miss the centaur.
The centaur is lightly wounded.
You block the centaur's attack. The centaur hits you.
You slice the centaur!!
You kill the centaur!
Your base Shields skill increases to level 7!
No target in view!
No target in view!
No target in view!
No target in view!
No target in view!
No target in view!
No target in view!
No target in view!
No target in view!
No target in view!
No target in view!
Found a long sword.
Things that are here:
a +0 shortbow; 11 arrows; a centaur corpse A hydra and an orc wizard come into view.
The seven-headed hydra roars!
The orc wizard shouts!
You hear a shout! x2
An orc wizard comes into view.
It is wielding a +0 dagger and wearing a +0 robe of magic resistance.
An orc warrior comes into view. It is wielding a +0 short sword.
An orc comes into view. It is wielding a +0 flail.
Found a stone staircase leading down.
There are monsters nearby!
There are monsters nearby!
There are monsters nearby!
There are monsters nearby!
Found 19 bolts and a bubbling inky potion.
You block the seven-headed hydra's attack.
The seven-headed hydra bites you. The seven-headed hydra bites you!
* * * LOW HITPOINT WARNING * * *
The seven-headed hydra bites you.
* * * LOW HITPOINT WARNING * * *
The seven-headed hydra bites you!
* * * LOW HITPOINT WARNING * * *
The seven-headed hydra bites you!
* * * LOW HITPOINT WARNING * * *
The seven-headed hydra bites you!
You die...

* ,, , , , ,
######......... ,
#..............
#..........!......##
##...o........ .....# ,
,,...>.o.o....# ,.....# *
#.......o..# * #..>.####
#.(........# #........
#....D@...# #........
#.........# #........
#.........#####((......
**#............).........
...##.........##.(..####
*.# ......####)##....# ,
....##.# *#.#...### , ,,
.##. #.. .#...#.# , #*
.#*#.....#.## #


You could see a seven-headed hydra, an orc warrior, 2 orc wizards and an orc.

Vanquished Creatures
  An orc warrior (D:6)
  A sky beast (D:7)
  3 ogres
  3 centaurs
  A wyvern zombie (D:6)
  A gnoll sergeant (D:7)
  12 scorpions
  6 wights
  A human zombie (Ossuary)
  4 hounds
  3 centaur zombies
  2 jellies
  2 orc priests (D:7)
  2 orc wizards (D:7)
  5 worker ants
  Terence (D:3)
  3 big kobold zombies (Ossuary)
  A hound zombie (D:3)
  3 mummies (Ossuary)
  A hound skeleton (D:3)
  2 worker ant zombies
  5 gnolls (D:7)
  5 adders
  5 scorpion zombies (Ossuary)
  An ufetubus (D:5)
  An adder zombie (D:5)
  A worm (D:4)
  7 leopard geckos
  12 orcs
  A giant cockroach (D:1)
  A gnoll zombie (Ossuary)
  A hobgoblin (D:3)
  9 jackals
  2 kobolds (D:1)
  A quokka (D:5)
  3 frilled lizards
  4 goblins
  3 goblin zombies (Ossuary)
  3 hobgoblin zombies (Ossuary)
  A kobold zombie (Ossuary)
  A leopard gecko skeleton (D:3)
  A leopard gecko zombie (D:3)
  3 orc zombies (Ossuary)
  4 rats
133 creatures vanquished.

Notes
Turn   | Place    | Note
-------+----------+-------------------------------------------
     0 | D:1      | EnegeticOcto the Deep Dwarf Fighter began the quest for the
                  | Orb.
     0 | D:1      | Reached XP level 1. HP: 20/20 MP: 1/1
   135 | D:1      | Reached XP level 2. HP: 22/27 MP: 2/2
   293 | D:3      | Reached skill level 3 in Axes
   293 | D:3      | Reached XP level 3. HP: 23/34 MP: 3/3
   324 | D:3      | Noticed Terence
   331 | D:3      | Killed Terence
   331 | D:3      | Reached XP level 4. HP: 29/42 MP: 4/4
   551 | D:4      | Found a sand-covered staircase.
   555 | Ossuary  | Entered an ossuary
   572 | Ossuary  | Reached skill level 4 in Axes
   597 | Ossuary  | Reached XP level 5. HP: 37/49 MP: 4/4
   629 | Ossuary  | Reached XP level 6. HP: 32/57 MP: 5/5
   641 | Ossuary  | Reached skill level 5 in Axes
   713 | Ossuary  | Reached XP level 7. HP: 36/64 MP: 6/6
   725 | Ossuary  | Reached skill level 5 in Armour
   739 | Ossuary  | Reached skill level 5 in Shields
   748 | Ossuary  | Reached skill level 6 in Axes
  1202 | D:5      | Entered Level 5 of the Dungeon
  1312 | D:5      | Found Paeh's Gadget Boutique.
  1357 | D:5      | Found a staircase to the Ecumenical Temple.
  1368 | Temple   | Entered the Ecumenical Temple
  1497 | D:5      | Reached XP level 8. HP: 49/73 MP: 7/7
  1694 | D:5      | Reached skill level 7 in Axes
  1791 | D:5      | Found a white marble altar of Elyvilon.
  2092 | D:6      | Reached skill level 5 in Fighting
  2192 | D:6      | Reached skill level 8 in Axes
  2312 | D:6      | Found an ornate altar of the Wu Jian Council.
  2517 | D:7      | Gained mutation: You passively map the area around you.
                  | [Deep Dwarf growth]
  2517 | D:7      | Reached XP level 9. HP: 56/81 MP: 6/6
  2595 | D:7      | Found a shimmering altar of Xom.
  2616 | D:7      | Found a sparkling altar of Nemelex Xobeh.
  2677 | D:7      | Reached skill level 9 in Axes
  2757 | D:7      | Noticed a seven-headed hydra
  2760 | D:7      | Slain by a seven-headed hydra

Illustrated notes

Levels and vault maps discovered:
D:1:      lemuel_arrival_muddy, layout_basic, chequers_serial_rivers_small_b,
          minmay_distorted
D:2:      layout_basic, evilmike_ruin_ashenzari, serial_bayou_lagoon_b
D:3:      layout_basic, serial_undead, serial_undead_d, serial_undead_f,
          serial_undead_f, serial_undead_a, uniq_terence
D:4:      layout_rooms, enter_ossuary_5
D:5:      layout_gridville, kennysheep_mini, minmay_temple_entry_overgrown,
          serial_glass, glass_columns_a, glass_columns_b, glass_columns_b,
          glass_columns_a, serial_shops, nicolae_shop_stone,
          minmay_tree_intersection, minmay_holes
D:6:      layout_rooms, lemuel_coloured_pillars_altar
D:7:      layout_rooms, kennysheep_little_box, old_standard_altar, minitemple
Temple:   cyrus_circular_temple

Skill      XL: |  1  2  3  4  5  6  7  8  9 |
---------------+----------------------------+-----
Fighting       | 3 4 5 |  5.8
Axes           | 3 4 5 6 8 9 |  9.1
Shields        | 4 5 6 7 |  7.0
Armour         | 4 5 6 7 |  7.0

Action                   |  1- 3 |  4- 6 |  7- 9 || total
-------------------------+-------+-------+-------++-------
Melee: War axe           |    45 |   110 |   321 ||   476
 Abil: Heal Wounds       |       |     3 |    15 ||    18
  Use: Scroll            |       |     1 |       ||     1
Armor: Scale mail        |    29 |    52 |   119 ||   200
Dodge: Dodged            |    17 |    48 |   119 ||   184
Block: Kite shield       |    24 |    63 |   181 ||   268

Table legend: (Time is in decaauts)
 A = Elapsed time spent in this place.
 B = Non-inter-level travel time spent in this place.
 C = Inter-level travel time spent in this place.
 D = Time resting spent in this place.
 E = Time spent auto-exploring this place.
 F = Levels seen in this place.
 G = Mean time per level.
                   A        B        C        D        E       F      G
               +--------+--------+--------+--------+--------+-----+--------+
         Total |   2882 |   2771 |    111 |      0 |   1780 |   9 |  320.2 |
       Dungeon |   2431 |   2328 |    103 |      0 |   1629 |   7 |  347.3 |
        Temple |     59 |     51 |      8 |      0 |     50 |   1 |   59.0 |
       Ossuary |    391 |    391 |      0 |      0 |    101 |   1 |  391.0 |
               +--------+--------+--------+--------+--------+-----+--------+

Top non-repeatable levels by time:
     D:5: 781 daAuts
     D:6: 464 daAuts
 Ossuary: 391 daAuts
     D:4: 378 daAuts
     D:7: 297 daAuts
     D:1: 242 daAuts
     D:3: 224 daAuts
  Temple: 59 daAuts
     D:2: 44 daAuts
